Map: [ESL] Inside and Out

Players

Serral - Winner!

  • Race: Zerg Zerg
  • Spawn Location: 1:00

ShaDoWn

  • Race: Protoss Protoss
  • Spawn Location: 7:00

Event: DreamHack SC2 Masters 2022 Atlanta (Online)

VOD

Have the link to the VOD?

Description

Time

  • Played on: Oct. 6, 2022, 1:21 p.m.
  • Length: 9:17

All games in this series

Show
View Real Time Build Order
Export as new Build Order

Serral Zerg - Winner!

Build Orders: Pool First 

Get SALT Encoding   

  12  0:00  Drone  
  13  0:12  Overlord  
  13  0:18  Drone  
  14  0:30  Drone x2  
  14  0:34  Drone  
  17  0:45  Spawning Pool  
  16  1:05  Drone  
  17  1:15  Hatchery  
  17  1:16  Drone  
  17  1:18  Extractor  
  16  1:22  Drone  
  17  1:33  Queen  
  17  1:34  Zergling x2  
  17  1:38  Drone  
  21  1:43  Overlord  
  21  1:49  Drone  
  22  2:02  Drone  
  23  2:09  Queen  
  23  2:11  Drone  
  26  2:21  Drone  
  27  2:26  Queen, Drone  
  27  2:27  Metabolic Boost  
  30  2:35  Zergling x2  
  31  2:43  Zergling x4  
  34  2:44  Drone x2  
  34  2:48  Overlord  
  35  2:52  Drone  
  36  3:04  Hatchery  
  34  3:06  Drone  
  34  3:09  Drone  
  34  3:11  Drone  
  37  3:15  Queen  
  39  3:20  Drone x2  
  39  3:24  Overlord  
  41  3:29  Zergling x2  
  41  3:32  Drone  
  43  3:37  Zergling x2  
  44  3:43  Drone x3  
  44  3:44  Overlord  
  44  3:45  Zergling x2  
  48  3:49  Queen  
  48  3:51  Drone  
  48  3:52  Drone  
  52  4:02  Queen  
  54  4:03  Drone  
  54  4:05  Drone x3  
  54  4:07  Drone  
  59  4:14  Spore Crawler  
  58  4:17  Drone x3  
  58  4:18  Spore Crawler  
  58  4:21  Overlord  
  59  4:24  Drone  
  59  4:28  Zergling x2  
  59  4:29  Drone x3  
  62  4:37  Roach Warren  
  62  4:38  Drone x3  
  64  4:43  Lair  
  64  4:45  Extractor  
  64  4:46  Overlord  
  64  4:49  Zergling x2  
  64  4:50  Overlord  
  64  4:51  Drone  
  65  4:56  Drone  
  65  4:58  Overlord  
  66  5:00  Overlord  
  66  5:01  Drone x2  
  66  5:02  Drone  
  66  5:06  Overlord  
  69  5:14  Drone x2  
  71  5:17  Spore Crawler, Queen  
  71  5:20  Evolution Chamber  
  71  5:23  Drone  
  72  5:29  Drone x2  
  72  5:30  Drone  
  72  5:32  Drone  
  72  5:34  Hatchery  
  72  5:35  Drone x3  
  78  5:39  Queen  
  78  5:40  Drone  
  78  5:41  Drone  
  81  5:46  Overlord  
  81  5:47  Zergling x6  
  84  5:53  Glial Reconstitution, Queen  
  84  5:54  Zerg Missile Weapons Level 1  
  84  5:55  Drone x3  
  86  5:58  Extractor  
  86  5:59  Extractor  
  86  6:00  Drone x3  
  85  6:04  Drone  
  85  6:05  Drone x3  
  88  6:13  Queen, Extractor  
  88  6:14  Extractor  
  88  6:16  Drone x5  
  93  6:20  Overlord  
  93  6:23  Roach x3  
  99  6:30  Overlord x2  
  99  6:35  Queen x2  
  101  6:40  Drone x2  
  101  6:45  Roach x5  
  113  6:53  Drone  
  113  6:54  Overlord x2  
  114  6:55  Spore Crawler  
  114  6:57  Drone  
  114  6:58  Roach  
  114  6:59  Roach x2  
  116  7:03  Drone  
  116  7:05  Roach x3  
  123  7:11  Overlord  
  123  7:12  Roach x3  
  128  7:20  Roach x5  
  136  7:24  Ravager x7  
  136  7:25  Ravager  
  136  7:29  Overlord  
  148  7:42  Roach x9  
  161  7:47  Roach x2  
  161  7:50  Roach x2  
  165  7:57  Roach x5  
  172  7:59  Overlord  
  172  8:03  Roach x2  
  174  8:10  Infestation Pit  
  173  8:18  Roach x5  
  183  8:35  Zergling x4  
  183  8:37  Overlord  
  183  8:39  Overlord  
  179  8:45  Zergling x16  
  183  8:59  Zergling x16  
Show
View Real Time Build Order
Export as new Build Order

ShaDoWn Protoss 

Build Orders: 1 Gate Expand, Oracle Opening, Phoenix Opening, Mass Phoenix, Zealot Archon 

Get SALT Encoding   

  12  0:00  Probe  
  13  0:12  Probe  
  14  0:19  Pylon  
  14  0:24  Probe  
  15  0:37  Gateway, Probe (Chrono Boost)  
  16  0:47  Probe (Chrono Boost), Assimilator  
  17  0:52  Probe (Chrono Boost)  
  18  1:03  Probe  
  19  1:15  Probe  
  20  1:25  Nexus  
  20  1:33  Cybernetics Core  
  20  1:39  Zealot  
  22  1:47  Pylon  
  22  1:49  Probe  
  22  1:54  Assimilator  
  23  2:05  Probe (Chrono Boost)  
  23  2:06  Adept (Chrono Boost)  
  27  2:17  Probe (Chrono Boost)  
  27  2:22  Probe (Chrono Boost)  
  27  2:29  Adept  
  30  2:32  Stargate  
  30  2:35  Probe (Chrono Boost)  
  31  2:37  Probe (Chrono Boost)  
  33  2:48  Probe (Chrono Boost)  
  33  2:49  Probe (Chrono Boost)  
  34  2:56  Probe  
  34  2:58  Probe  
  36  3:08  Probe  
  36  3:10  Probe (Chrono Boost)  
  38  3:16  Oracle (Chrono Boost)  
  41  3:22  Probe (Chrono Boost)  
  41  3:23  Pylon  
  41  3:25  Probe (Chrono Boost)  
  43  3:28  Gateway  
  43  3:31  Probe (Chrono Boost)  
  45  3:34  Probe (Chrono Boost)  
  45  3:36  Probe  
  45  3:37  Assimilator  
  46  3:44  Probe  
  47  3:48  Probe  
  47  3:50  Phoenix (Chrono Boost)  
  50  3:56  Probe  
  50  3:59  Pylon  
  50  4:00  Nexus, Probe  
  52  4:07  Stargate  
  52  4:08  Probe  
  53  4:12  Probe  
  53  4:13  Assimilator  
  53  4:16  Phoenix  
  56  4:21  Probe  
  57  4:25  Probe  
  57  4:30  Warp Gate  
  57  4:33  Probe  
  57  4:34  Stalker (Chrono Boost)  
  57  4:37  Probe  
  61  4:42  Pylon  
  61  4:44  Pylon  
  61  4:45  Probe  
  69  5:00  Probe x2  
  69  5:02  Adept  
  69  5:06  Phoenix (Chrono Boost)  
  69  5:07  Phoenix (Chrono Boost)  
  71  5:12  Probe (Chrono Boost)  
  71  5:13  Probe x2 (Chrono Boost)  
  73  5:14  Shield Battery  
  73  5:20  Forge  
  73  5:24  Phoenix x2, Probe (Chrono Boost)  
  80  5:29  Probe x2 (Chrono Boost)  
  80  5:30  Probe (Chrono Boost)  
  81  5:36  Probe x2  
  81  5:38  Probe  
  83  5:45  Assimilator, Pylon  
  83  5:48  Probe x2, Assimilator  
  83  5:49  Phoenix x2 (Chrono Boost)  
  89  5:50  Probe  
  90  5:57  Protoss Ground Weapons Level 1 (Chrono Boost)  
  90  6:00  Probe x2  
  90  6:03  Twilight Council  
  90  6:07  Probe  
  90  6:11  Phoenix x2 (Chrono Boost)  
  93  6:12  Probe  
  93  6:13  Probe, Gateway  
  93  6:14  Gateway  
  95  6:19  Probe  
  95  6:22  Sentry  
  95  6:23  Zealot  
  95  6:24  Probe  
  101  6:32  Robotics Facility  
  101  6:36  Gateway  
  101  6:37  Charge, Gateway  
  101  6:47  Pylon  
  101  6:48  Templar Archives  
  101  6:49  Pylon  
  101  6:51  Pylon  
  99  7:04  Zealot  
  99  7:05  Probe  
  102  7:10  Probe  
  102  7:11  Gateway  
  102  7:13  Gateway  
  102  7:14  Nexus  
  103  7:15  Pylon  
  103  7:16  Pylon  
  103  7:17  Pylon  
  103  7:21  Probe  
  104  7:23  Probe  
  104  7:25  Robotics Facility  
  104  7:26  Immortal (Chrono Boost)  
  109  7:31  High Templar x2  
  109  7:32  High Templar  
  109  7:35  Zealot x3  
  121  7:39  Archon  
  111  7:56  Immortal (Chrono Boost)  
  113  8:01  Zealot x3  
  92  8:08  Robotics Bay  
  92  8:11  Stalker x4  
  99  8:14  Shield Battery  
  99  8:15  Shield Battery  
  99  8:17  Shield Battery  
  99  8:19  Probe x2  
  101  8:31  Sentry, Probe x2  
  97  8:34  Sentry x4  
  97  8:35  Zealot  
  97  8:37  Probe  
  101  8:46  Probe  
  95  8:57  Probe  
  95  8:59  Stalker x6  
  95  9:01  Probe  
Tags
 
Add a new tag
Caveats
  • Supply blocks, unpowered buildings, or Contaminate may cause inaccurate times.
  • Supply counts are checked every 10 seconds.